groovejumper, neutral female human Wizard -------- |......| |...)..| |..)...| |....... |......| ---.---- ## S @ ----)--- -------- |....%.| |......| |.....%| |......| |......| |......| |......)####.......| |......| |......| -------- -------- groovejumper the Thaumaturge Experience level: 8 Strength: 13 Dexterity: 11 Constitution: 16 Intelligence: 21 Wisdom: 14 Charisma: 12 Health: 0(59) Energy: 32(90) AC: 0 Gold: 32 Moves: 5296 Your Inventory: Coins $ - 32 gold pieces Weapons a - a blessed +2 quarterstaff (weapon in hands) Armor v - an uncursed +0 pair of kicking boots (being worn) y - an uncursed +0 Hawaiian shirt (being worn) z - an uncursed +0 studded leather armor (being worn) A - an uncursed +1 cloak of magic resistance (being worn) D - an uncursed +3 helm of brilliance (being worn) Tools b - an [uncursed] bag [sack] Contents of the sack: 253 gold pieces an uncursed +0 cornuthaum an [uncursed] avacado 3 uncursed food rations an [uncursed] lichen corpse an uncursed pancake 2 [blessed] scrolls called confuse monster [of confuse monster] an [uncursed] scroll called confuse monster [of confuse monster] an uncursed scroll of charging an uncursed scroll of earth 2 [uncursed] scrolls of enchant weapon an [uncursed] scroll of flood a blessed scroll of genocide an uncursed scroll of magic mapping an [uncursed] unlabeled scroll [of blank paper] a blessed spellbook of force bolt an uncursed spellbook of healing an [uncursed] spellbook of magic missile a [cursed] amber potion [of full healing] an uncursed potion of hallucination an uncursed potion of oil an [uncursed] smoky potion [of object detection] an uncursed +1 ring of adornment an uncursed +1 ring of gain strength an uncursed ring of sustain ability an uncursed wand of sleep (0:5) an uncursed wand of slow monster (0:8) an [uncursed tallow] candle an [uncursed] credit card an [uncursed] looking glass [mirror] Spells known in the end: Name Level Category Fail Memory a - force bolt 1 attack 0% [||||||..] b - healing 1 healing 0% [||||||..] c - detect food 2 divination 33% [|||||||.] d - fireball 4 attack 50% [||||||||] e - clairvoyance 3 divination 64% [||||||||] f - magic missile 2 attack 0% [||||||||] Your skills at the end: Fighting Skills Weapon Skills quarterstaff [Basic / Expert] Spellcasting Skills attack spells [Basic / Expert] enchantment spells [Basic / Skilled] Final Attributes: You were piously aligned. Hunger level was 158. Your alignment was 36 / 36. Monster difficulty range was 0 - 6. Level difficulty was 5. You were magic-protected. Your luck was zero. You are dead. Vanquished creatures: 3 small mimics a dog 4 water moccasins an imp a water nymph an Uruk-hai an enormous rat 2 rock moles a pony a gnome lord 3 floating eyes a dwarf a homunculus 9 hill orcs 3 rothes a rabid rat a wererat a werejackal an iguana 4 killer bees an acid blob a manes a large kobold 2 hobgoblins 3 giant rats a cave spider 2 brown molds a yellow mold 2 red molds a gnome a garter snake 2 geckos 4 jackals a fox 2 goblins 2 sewer rats 9 grid bugs 6 lichens 6 newts 89 creatures vanquished. Voluntary challenges: You used a wielded weapon 70 times. You read items or engraved 18 times. You put on armor 29 times. You never genocided any monsters. You never polymorphed an object. You never changed form. You used no wishes. You wrote Elbereth's name 1 time. You encountered 1 bones level. You never used any Sokoban shortcuts. Dungeon overview: The Dungeons of Doom: levels 1 to 5 Level 1 a long staircase Level 2 an armor shop, an altar to Thoth, a fountain Level 3 a general store, a fountain Level 4 a scroll shop stairs to The Gnomish Mines Level 5 <- You were here The Gnomish Mines: Level 5 stairs to The Dungeons of Doom History has recorded: On T:1 you entered the Dungeons of Doom to retrieve the Amulet of Yendor! On T:424 you reached level 2 of The Dungeons of Doom. On T:823 you advanced to experience level 2. On T:1011 you advanced to experience level 3. On T:1295 you reached level 3 of The Dungeons of Doom. On T:1464 you advanced to experience level 4. On T:2048 you advanced to experience level 5. On T:3048 you reached level 4 of The Dungeons of Doom. On T:3135 you reached level 1 of The Gnomish Mines. On T:3360 you advanced to experience level 6. On T:4093 you advanced to experience level 7. On T:5227 you reached level 5 of The Dungeons of Doom. On T:5283 you advanced to experience level 8. Latest messages: The water moccasin turns to flee! You kill the water moccasin! The magic missile misses it. You kill it! Welcome to experience level 8. [HP+8=20] [HP+1=21] [HP+1=22] The water moccasin misses. (2x) The water moccasin bites! [HP-2=20] The water moccasin bites! [HP-6=14] The water moccasin bites! [HP-5=9] The water moccasin bites! [HP-2=7] The water moccasin bites! The water moccasin misses. [HP-6=1] The water moccasin bites! You die... Final status: Goodbye groovejumper the Wizard... You died in The Dungeons of Doom on dungeon level 5 with 3825 points, and 285 pieces of gold, after 5296 moves. You were level 8 with a maximum of 59 hit points when you died.